Map: Lightshade LE

Players

JusticeSimon

  • Race: Protoss Protoss
  • League: Master
  • Spawn Location: 5:00

Demi - Winner!

  • Race: Zerg Zerg
  • League: Master
  • Spawn Location: 11:00

Event: DreamHack SC2 Masters 2020 Winter

VOD

Have the link to the VOD?

Description

Time

  • Played on: Oct. 16, 2020, 11:31 p.m.
  • Length: 16:10

All games in this series

Show
View Real Time Build Order
Export as new Build Order

JusticeSimon Protoss 

Build Orders: 1 Gate Expand 

Get SALT Encoding   

  12  0:00  Probe  
  13  0:12  Probe  
  14  0:20  Pylon  
  14  0:24  Probe  
  15  0:38  Probe (Chrono Boost)  
  16  0:45  Gateway  
  16  0:48  Probe (Chrono Boost)  
  17  0:53  Probe  
  17  0:54  Assimilator  
  18  1:05  Probe  
  19  1:18  Probe  
  20  1:28  Nexus  
  20  1:37  Cybernetics Core  
  20  1:42  Assimilator  
  20  1:45  Probe  
  21  1:52  Pylon  
  21  1:57  Probe  
  22  2:09  Probe  
  22  2:11  Adept (Chrono Boost)  
  22  2:14  Warp Gate  
  25  2:21  Probe  
  26  2:26  Twilight Council  
  26  2:31  Adept (Chrono Boost)  
  26  2:33  Probe  
  29  2:40  Probe  
  30  2:45  Probe  
  31  2:51  Robotics Facility  
  31  2:52  Probe  
  31  2:57  Probe  
  33  3:04  Probe (Chrono Boost)  
  34  3:07  Stalker  
  37  3:12  Resonating Glaives (Chrono Boost)  
  37  3:16  Probe x2 (Chrono Boost)  
  38  3:25  Probe (Chrono Boost)  
  38  3:26  Probe (Chrono Boost)  
  40  3:33  Probe  
  41  3:34  Gateway  
  41  3:35  Probe  
  41  3:39  Gateway  
  42  3:42  Warp Prism (Chrono Boost)  
  44  3:52  Pylon, Probe  
  44  3:53  Probe  
  46  4:03  Assimilator  
  46  4:05  Assimilator  
  46  4:09  Pylon  
  46  4:10  Probe x2  
  46  4:11  Adept  
  46  4:14  Observer  
  51  4:20  Robotics Bay  
  51  4:22  Probe x2  
  53  4:25  Pylon  
  53  4:28  Adept  
  55  4:34  Probe x2  
  55  4:36  Adept x2  
  61  4:44  Pylon  
  61  4:46  Probe  
  61  4:52  Adept  
  64  4:54  Probe  
  64  4:58  Pylon, Adept x2, Probe  
  70  5:07  Pylon  
  70  5:10  Disruptor (Chrono Boost)  
  70  5:11  Gravitic Drive  
  73  5:30  Nexus  
  73  5:31  Pylon  
  73  5:34  Pylon  
  73  5:36  Disruptor (Chrono Boost)  
  76  5:44  Probe x2  
  76  5:47  Forge  
  78  5:55  Sentry x2  
  78  5:56  Adept  
  84  5:59  Shield Battery  
  84  6:03  Immortal  
  88  6:05  Shield Battery  
  88  6:07  Probe x2  
  90  6:19  Probe x2  
  90  6:23  Protoss Ground Weapons Level 1, Blink  
  92  6:27  Gateway  
  92  6:29  Gateway  
  92  6:32  Extended Thermal Lance  
  92  6:42  Probe x2  
  92  6:46  Probe  
  95  6:48  Assimilator, Colossus (Chrono Boost)  
  95  6:52  Assimilator  
  101  6:57  Probe x2  
  101  6:58  Probe  
  104  7:09  Probe x2  
  104  7:11  Probe  
  107  7:21  Probe x2  
  109  7:23  Probe  
  109  7:26  Sentry  
  109  7:28  Colossus (Chrono Boost)  
  118  7:33  Probe  
  118  7:34  Probe  
  120  7:38  Pylon  
  120  7:40  Pylon  
  120  7:42  Pylon  
  120  7:43  Probe  
  120  7:46  Probe x2  
  122  7:57  Sentry x2  
  122  7:58  Sentry x3  
  132  8:02  Gateway  
  132  8:04  Gateway  
  132  8:06  Gateway  
  132  8:08  Gateway  
  132  8:13  Pylon  
  132  8:14  Nexus  
  132  8:15  Pylon x2, Immortal (Chrono Boost)  
  136  8:25  Stalker  
  136  8:26  Stalker  
  140  8:33  Gateway  
  140  8:34  Gateway  
  140  8:35  Photon Cannon  
  140  8:41  Protoss Ground Weapons Level 2 (Chrono Boost)  
  140  8:52  Stalker x3  
  140  8:53  Stalker x2  
  150  9:00  Observer  
  151  9:06  Photon Cannon  
  151  9:07  Shield Battery  
  151  9:09  Pylon  
  151  9:13  Photon Cannon  
  151  9:16  Adept  
  153  9:22  Photon Cannon  
  153  9:25  Photon Cannon  
  153  9:27  Charge, Disruptor  
  154  9:49  Robotics Facility, Probe x2  
  154  9:50  Probe x2  
  158  9:57  Zealot x8  
  158  9:58  Zealot  
  158  9:59  Stalker x2  
  180  10:01  Probe x2  
  180  10:02  Probe x2  
  182  10:12  Observer  
  182  10:13  Probe x2  
  185  10:15  Stargate  
  185  10:22  Assimilator  
  185  10:24  Templar Archives  
  185  10:27  Assimilator  
  185  10:38  Pylon  
  185  10:40  Photon Cannon  
  185  10:42  Photon Cannon  
  185  10:43  Pylon  
  185  10:45  Photon Cannon  
  185  10:46  Disruptor (Chrono Boost)  
  185  10:47  Photon Cannon, Disruptor (Chrono Boost)  
  185  10:48  Photon Cannon  
  185  10:49  Shield Battery  
  185  10:51  Pylon  
  185  10:53  Psionic Storm  
  191  11:01  Shield Battery  
  191  11:04  High Templar x2  
  191  11:05  High Templar x2  
  191  11:07  Fleet Beacon  
  200  11:41  Observer (Chrono Boost)  
  193  11:55  Zealot x3  
  185  12:18  Zealot x7  
  199  12:26  Mothership  
  196  12:33  Zealot x3  
  196  12:34  Disruptor x2 (Chrono Boost), Zealot  
  187  12:39  Protoss Ground Weapons Level 3  
  187  12:44  Archon x2  
  191  12:50  Nexus  
  187  12:54  Zealot x9  
  187  12:55  Zealot  
  200  13:03  Pylon  
  180  13:08  Disruptor (Chrono Boost)  
  180  13:09  Disruptor (Chrono Boost)  
  139  13:41  Stalker x11  
  145  13:42  Immortal x2 (Chrono Boost)  
  132  14:00  Gateway  
  132  14:02  Gateway  
  132  14:04  Stargate  
  132  14:05  High Templar x4  
  132  14:06  Zealot x5  
  150  14:11  Immortal x2 (Chrono Boost)  
  150  14:12  Stalker x2  
  152  14:46  High Templar x2  
  152  14:47  Zealot  
  152  14:48  Zealot x8  
  163  15:02  Zealot x2  
  163  15:04  Immortal (Chrono Boost)  
  165  15:10  Immortal (Chrono Boost)  
  163  15:18  Zealot x3  
  163  15:19  Zealot x7  
  167  15:33  Zealot x3  
  147  15:37  Observer (Chrono Boost)  
  147  15:42  Zealot x3  
  114  15:43  Zealot x7  
  114  15:44  Observer (Chrono Boost)  
Show
View Real Time Build Order
Export as new Build Order

Demi Zerg - Winner!

Build Orders: Hatch First, Lurkers 

Get SALT Encoding   

  12  0:00  Drone  
  13  0:12  Overlord  
  13  0:17  Drone  
  14  0:30  Drone x2  
  16  0:50  Drone  
  16  0:52  Hatchery  
  16  0:54  Drone  
  17  0:59  Drone  
  18  1:09  Extractor  
  17  1:13  Spawning Pool  
  17  1:16  Drone  
  17  1:21  Drone  
  18  1:28  Drone  
  19  1:38  Drone  
  20  1:49  Overlord  
  20  2:00  Queen  
  22  2:03  Queen  
  22  2:04  Zergling x4  
  26  2:11  Metabolic Boost  
  26  2:15  Drone x2  
  28  2:25  Drone x2  
  30  2:36  Drone  
  31  2:39  Hatchery  
  31  2:44  Zergling x2  
  31  2:52  Drone, Queen  
  31  2:58  Overlord  
  34  3:02  Drone  
  34  3:03  Drone  
  35  3:16  Drone x2  
  35  3:17  Drone x2, Overlord  
  39  3:20  Zergling x2  
  40  3:28  Queen  
  42  3:39  Drone x2  
  42  3:40  Drone x2  
  46  3:42  Drone  
  46  3:47  Overlord  
  47  3:54  Drone x4  
  47  3:55  Queen  
  53  3:59  Overlord x2  
  53  4:06  Drone  
  53  4:07  Roach Warren  
  53  4:10  Zergling x4  
  53  4:11  Zergling x2  
  56  4:19  Zergling x6, Spine Crawler  
  56  4:23  Zergling x4  
  60  4:24  Zergling x2  
  61  4:32  Zergling x10  
  61  4:35  Overlord  
  65  4:40  Overlord  
  65  4:47  Roach x4  
  73  4:53  Overlord  
  73  4:55  Roach x2  
  73  4:56  Roach  
  79  5:00  Zergling x2  
  79  5:01  Zergling x4  
  82  5:07  Lair  
  82  5:17  Drone x7  
  82  5:18  Drone  
  82  5:20  Spore Crawler  
  89  5:23  Spore Crawler  
  89  5:24  Spore Crawler  
  89  5:27  Drone  
  89  5:28  Drone  
  89  5:29  Drone  
  90  5:36  Drone  
  90  5:37  Drone  
  92  5:44  Drone x2  
  92  5:45  Drone x4, Extractor  
  92  5:49  Extractor, Overlord x2  
  96  6:02  Evolution Chamber  
  95  6:04  Overseer  
  95  6:07  Drone  
  95  6:08  Drone x8, Overseer  
  104  6:14  Queen  
  104  6:15  Extractor  
  104  6:17  Extractor  
  104  6:18  Extractor, Overlord x2  
  103  6:30  Drone x2  
  103  6:31  Drone x4  
  101  6:42  Drone x5  
  101  6:45  Zerg Missile Weapons Level 1  
  101  6:46  Drone x4  
  110  6:51  Hydralisk Den  
  109  7:01  Overlord x2  
  109  7:02  Hatchery, Infestation Pit  
  109  7:04  Drone x2  
  109  7:05  Drone x2  
  111  7:20  Overseer x2  
  111  7:23  Drone  
  111  7:24  Drone x2, Muscular Augments, Lurker Den  
  111  7:25  Infestation Pit  
  112  7:30  Drone x2  
  114  7:41  Drone  
  114  7:42  Drone x3  
  118  7:56  Hydralisk x3  
  118  7:57  Hydralisk x6  
  136  8:03  Overlord x6  
  136  8:08  Hive  
  136  8:15  Extractor  
  134  8:24  Drone x10  
  134  8:25  Drone  
  145  8:30  Queen  
  147  8:36  Grooved Spines  
  147  8:37  Glial Reconstitution  
  147  8:42  Extractor  
  147  8:44  Zerg Missile Weapons Level 2  
  147  8:45  Hydralisk x4  
  147  8:46  Zergling x8  
  147  8:47  Zergling x2  
  159  8:50  Lurker x2  
  159  8:51  Lurker x2  
  163  8:57  Lurker  
  163  8:58  Drone  
  163  8:59  Drone, Overlord  
  166  9:04  Spore Crawler  
  166  9:05  Lurker x2, Spore Crawler  
  166  9:07  Spore Crawler  
  169  9:10  Roach x4, Zergling x4  
  169  9:11  Zergling x2  
  175  9:21  Seismic Spines  
  175  9:24  Drone  
  175  9:25  Drone  
  175  9:28  Lurker x2  
  178  9:35  Hatchery  
  170  9:40  Hydralisk x6  
  170  9:41  Zergling x12  
  172  9:54  Extractor  
  172  9:58  Extractor  
  167  10:02  Hydralisk x9  
  167  10:03  Spore Crawler  
  167  10:04  Spore Crawler  
  182  10:14  Viper  
  185  10:25  Drone x3  
  185  10:26  Viper  
  185  10:27  Spore Crawler  
  190  10:31  Drone x2  
  190  10:32  Drone, Spore Crawler  
  190  10:33  Lurker x2, Spore Crawler  
  190  10:35  Spore Crawler  
  192  10:40  Pneumatized Carapace  
  192  10:42  Overseer  
  192  10:55  Lurker x3  
  195  10:59  Drone x3  
  196  11:21  Lurker x2  
  196  11:22  Lurker x2  
  190  11:45  Lurker x2  
  190  11:46  Lurker x5  
  190  11:57  Adaptive Talons  
  181  12:11  Viper x3  
  190  12:16  Hydralisk x2  
  190  12:17  Hydralisk x3  
  194  12:35  Hydralisk x9  
  192  12:52  Roach Warren  
  192  12:54  Hydralisk x5  
  185  13:23  Overlord x3  
  185  13:27  Hydralisk x12  
  169  13:28  Zergling x4  
  185  13:47  Hydralisk x7  
  199  13:54  Overlord x2  
  199  13:55  Lair, Overlord  
  199  14:19  Spore Crawler  
  199  14:22  Hatchery  
  174  14:54  Hydralisk x10  
  174  14:55  Hydralisk x2  
  189  15:00  Zergling x2  
  189  15:01  Zergling x4  
  192  15:15  Hydralisk  
  192  15:16  Hydralisk x2  
  180  15:34  Hydralisk x2  
  180  15:35  Hydralisk x5  
  169  15:43  Drone x3  
  172  15:52  Drone x3  
Tags
 
Add a new tag
Caveats
  • Supply blocks, unpowered buildings, or Contaminate may cause inaccurate times.
  • Supply counts are checked every 10 seconds.